 Dungeon Crawl Stone Soup version 0.29.1-15-g9cfb28693d (webtiles) character file.

Game seed: 5748439403373480702

54 Draugr the Vexing (level 3, -1/18 HPs)
             Began as a Vampire Enchanter on Feb 21, 2023.
             Slain by Natasha (5 damage)
             ... on level 2 of the Dungeon.
             The game lasted 00:07:54 (1548 turns).

Draugr the Vexing (Vampire Enchanter)               Turns: 1548, Time: 00:07:54

Health: -1/18      AC:  2    Str:  4 (5)  XL:     3   Next: 66%
Magic:  0/6        EV: 12    Int: 17 (19) God:
Gold:   133        SH:  0    Dex: 17 (20) Spells: 1/6 levels left

rFire   . . .      SeeInvis +   a - +1 dagger
rCold   + + .      Faith    .   (no shield)
rNeg    + + +      Spirit   .   b - +0 robe
rPois   ∞          Reflect  .   (no helmet)
rElec   .          Harm     .   (no cloak)
rCorr   .          Rampage  .   (no gloves)
Will    .....                   (no boots)
Stlth   +++++.....              (no amulet)
HPRegen 0.00/turn               l - +6 ring of dexterity
MPRegen 0.10/turn               (no ring)

@: very slightly contaminated, bloodless, inhibited regen
A: bloodless, fangs 3, see invisible, vampiric 2, frail 1, weak 1
a: Bat Form, Revivify


You were on level 2 of the Dungeon.
You visited 1 branch of the dungeon, and saw 2 of its levels.

You collected 133 gold pieces.

Inventory:

Hand Weapons
 a - a +1 dagger (weapon)
Armour
 b - a +0 robe (worn)
Jewellery
 l - a +6 ring of dexterity (left hand)
Scrolls
 d - a scroll of identify {unknown}
 f - a scroll of noise {unknown}
 g - a scroll of magic mapping
 i - 2 scrolls of teleportation {unknown}
 j - a scroll of summoning {unknown}
 k - a scroll of poison {unknown}
Potions
 c - a potion of invisibility


   Skills:
 - Level 1.0 Fighting
 - Level 2.1 Short Blades
 - Level 2.1 Dodging
 - Level 4.4 Stealth
 + Level 2.4 Spellcasting
 - Level 4.4 Hexes
 - Level 2.0 Ice Magic


You had one spell level left.
You knew the following spells:

 Your Spells              Type           Power      Damage    Failure   Level
a - Ensorcelled Hibernat  Hex/Ice        24%        N/A       8%          2
b - Confusing Touch       Hex            17%        N/A       9%          3

Your spell library contained the following spells:

 Spells                   Type           Power      Damage    Failure   Level
 Tukima's Dance           Hex            17%        N/A       9%          3
 Dazzling Flash           Conj/Hex       18%        N/A       22%         3


Dungeon Overview and Level Annotations

Branches:
Dungeon (2/15)

Altars:

Shops:
D:1 ?

Annotations:
D:2 Natasha, Robin


Innate Abilities, Weirdness & Mutations

You do not regenerate when monsters are visible.
You are frail without blood (-20% HP).
You can heal yourself when you bite living creatures.
You are immune to poison.
You have razor-sharp teeth.
You have supernaturally acute eyesight. (SInv)
You are afflicted with vampirism and can become a bat while bloodless.
You are frail. (-10% HP)
You are weak. (Str -2)


Message History

Things that are here:
a +0 club; 3 stones Natasha claws you.
Casting: Ensorcelled Hibernation (safe; 7% risk of failure)
Confirm with . or Enter, or press ? or * to list all spells.
Aiming: Ensorcelled Hibernation (safe; 7% risk of failure)
Press: ? - help, Shift-Dir - straight line, f - Natasha
Aim: Natasha (chance to affect: 48%)
You miscast Ensorcelled Hibernation.
You are very lightly contaminated with residual magic.
Nothing appears to happen.
Natasha closely misses you.
Casting: Ensorcelled Hibernation (safe; 7% risk of failure)
Confirm with . or Enter, or press ? or * to list all spells.
Aiming: Ensorcelled Hibernation (safe; 7% risk of failure)
Press: ? - help, Shift-Dir - straight line, f/p - Natasha
Aim: Natasha (chance to affect: 48%) Natasha resists with some effort.
Natasha claws you but does no damage.
Casting: Ensorcelled Hibernation (safe; 7% risk of failure)
Confirm with . or Enter, or press ? or * to list all spells.
Aiming: Ensorcelled Hibernation (safe; 7% risk of failure)
Press: ? - help, Shift-Dir - straight line, f/p - Natasha
Aim: Natasha (chance to affect: 48%) Natasha resists with some effort.
Natasha claws you.
Casting: Ensorcelled Hibernation (safe; 7% risk of failure)
Confirm with . or Enter, or press ? or * to list all spells.
You don't have enough magic to cast this spell.
Unknown command.
As you read the scroll labelled QOSA KIEPPYGRE, it crumbles to dust.
You feel aware of your surroundings.
It was a scroll of magic mapping.
Natasha closely misses you.
It was a potion of mutation.
You feel extremely strange.
You feel frail.
You feel weaker. Natasha claws you.
* * * LOW HITPOINT WARNING * * *
It was a potion of degeneration.
There was something very wrong with that liquid.
You feel weakened.
You feel dopey.
You feel clumsy. Natasha barely misses you.
You hit Natasha but do no damage. Natasha claws you.
You die...

##.....g#..#,** ###.
#..#####.##.#* #. ..#*
**g##.###*### #.
.#*****,..#....,..# ##########.
.**,,,,,.......##.# #..........
,**,***,..#.......# #)########.
,**,* **g####.....#####)### ##
,**,* *?##.....)h#.).....#### #
,**,* *.##.#...@.#.##.......####
***,****.........#..##.#####.....
*,,,,,,,,.#.#...#....#.# #.####
*,*,*,,**,#,#.....÷#...# #.#
,,,,,,,**,*,##.)##...#.# #.#
*,*,*,**#^#,*#..###.##.#####.#
*,,,,,**#....#..# #.##.......#
***,,,,.........# #.##.##.#### *
*****##....##.# #.##.##.#


You could see Natasha.

Vanquished Creatures
  A dart slug (D:1)
  2 endoplasms
  6 giant cockroaches
  7 goblins
  2 hobgoblins
  5 jackals
  2 quokkas
  2 ball pythons (D:1)
  6 bats (D:1)
  A frilled lizard (D:1)
  5 kobolds
  5 rats
44 creatures vanquished.

Notes
Turn   | Place    | Note
-------+----------+-------------------------------------------
     0 | D:1      | Draugr the Vampire Enchanter began the quest for the Orb.
     0 | D:1      | Reached XP level 1. HP: 13/13 MP: 3/3
     2 | D:1      | Noticed an elf
     4 | D:1      | Noticed an ogre
     4 | D:1      | Noticed a meteoran
     6 | D:1      | Noticed a vampire
     8 | D:1      | Noticed a felid
     8 | D:1      | Noticed a tengu
    10 | D:1      | Noticed a troll
    12 | D:1      | Noticed a demonspawn
    12 | D:1      | Noticed a spriggan
    14 | D:1      | Noticed a ghoul
    14 | D:1      | Noticed a naga
    16 | D:1      | Noticed a merfolk
    16 | D:1      | Noticed a palentonga
    18 | D:1      | Noticed a human
    18 | D:1      | Noticed a demigod
    20 | D:1      | Noticed a vine stalker
    20 | D:1      | Noticed a formicid
    22 | D:1      | Noticed a draconian
    22 | D:1      | Noticed an octopode
    24 | D:1      | Noticed a naga
    24 | D:1      | Noticed a minotaur
    26 | D:1      | Noticed a naga
    26 | D:1      | Noticed a ghoul
   105 | D:1      | Reached XP level 2. HP: 14/16 MP: 5/5
   108 | D:1      | Learned a level 2 spell: Ensorcelled Hibernation
   144 | D:1      | Found Zayxeoti's Magic Scroll Boutique.
   175 | D:1      | Found a faded altar of an unknown god.
   177 | D:1      | Noticed a shining eye
   184 | D:1      | Noticed a floating eye
   320 | D:1      | Reached skill level 1 in Fighting
   530 | D:1      | Reached skill level 1 in Ice Magic
   809 | D:1      | Noticed a shining eye
   812 | D:1      | Noticed a great orb of eyes
   823 | D:1      | Gained mutation: You are afflicted with vampirism and can
                  | become a bat while bloodless. [Vampire growth]
   823 | D:1      | Reached XP level 3. HP: 19/20 MP: 3/6
   978 | D:2      | Noticed Robin
  1252 | D:2      | Learned a level 3 spell: Confusing Touch
  1341 | D:2      | Noticed Natasha
  1546 | D:2      | Gained mutation: You are frail. (-10% HP) [potion of
                  | mutation]
  1546 | D:2      | Gained mutation: You are weak. (Str -2) [potion of
                  | mutation]
  1548 | D:2      | Slain by Natasha

Illustrated notes

Levels and vault maps discovered:
D:1:      kb_arrival_jail, layout_basic, serial_shops,
          nicolae_shop_advertising_works [nicolae_subvault_shop_adworks],
          hellmonk_ecumenical_altar_watching_god
D:2:      layout_loops_ring, basic_altar, minmay_split_cup_small, uniq_natasha,
          uniq_sigmund, uniq_robin

Skill      XL: |  1  2  3 |
---------------+----------+-----
Short Blades   | 2 |  2.1
Fighting       | 1 |  1.0
Ice Magic      | 1 2 |  2.0
Dodging        | |  2.1
Stealth        | |  4.4
Spellcasting   | |  2.4
Hexes          | |  4.4

Action                   || total
-------------------------++-------
Melee: Dagger            ||   120
       Bite              ||     9
 Cast: Ensorcelled Hiber ||     8
 Abil: Exsanguinate      ||     1
  Use: Potion            ||     3
       Scroll            ||     1
 Stab: Sleeping          ||    15
       Invisible         ||     2
Armor: Robe              ||    30
Dodge: Dodged            ||    96
